 Dungeon Crawl Stone Soup version 0.30-a0-172-gc5509c9e31 (webtiles) character file.

Game seed: 3710433023142773090

109452 Belterius the Peltast (level 16, -2/147 HPs)
             Began as a Minotaur Fighter on Sept 30, 2022.
             Was a High Priest of Okawaru.
             Constricted to death by Jorgrun (7 damage)
             ... on level 1 of the Spider Nest on Oct 1, 2022.
             The game lasted 01:26:03 (31448 turns).

Belterius the Peltast (Minotaur Fighter)           Turns: 31448, Time: 01:26:04

Health: -2/147     AC: 31    Str: 33      XL:     16   Next: 4%
Magic:  0/31       EV:  8    Int:  7 (9)  God:    Okawaru [*****.]
Gold:   1988       SH:  0    Dex: 17      Spells: 15/15 levels left

rFire   + . .      SeeInvis .    F - +6 executioner's axe "Dirusoug" {venom, rElec MP+9 Str+3}
rCold   + + .      Faith    .    (shield currently unavailable)
rNeg    . . .      Spirit   .    q - +2 plate armour {rF+}
rPois   +          Reflect  .    l - +1 hat
rElec   +          Harm     .    I - +1 cloak "Jaothuwa" {rC++}
rCorr   +          Rampage  .    Z - +2 pair of gloves {infuse}
Will    +....                    T - +1 pair of boots of Philately {+Inv rCorr Str-3 Dex+7}
Stlth   ..........               N - amulet of regeneration
HPRegen 1.24/turn                x - +6 ring of strength
MPRegen 0.22/turn                v - ring of poison resistance

@: heroic, finesse-ful, grasped by roots, slowed, constricted, studying Staves,
very slow
A: horns 2, retaliatory headbutt, claws 1, clever 1, poison resistance
a: Renounce Religion, Evoke Invisibility, Heroism, Finesse, Duel


You were on level 1 of the Spider Nest.
You worshipped Okawaru.
Okawaru was extremely pleased with you.
You visited 4 branches of the dungeon, and saw 23 of its levels.
You also visited: Gauntlet.

You collected 2244 gold pieces.
You spent 256 gold pieces at shops.

Inventory:

Hand Weapons
 a - a +1 war axe of flaming
 F - the +6 executioner's axe "Dirusoug" (weapon) {venom, rElec MP+9 Str+3}
   (Okawaru gifted it to you on level 2 of the Lair of Beasts)

   It poisons the flesh of those it strikes.
   Str:       It affects your strength (+3).
   rElec:     It insulates you from electricity.
   MP:        It affects your magic capacity (+9).
Missiles
 k - 6 javelins
 D - 2 throwing nets
 O - 3 atropa-tipped darts (quivered)
 V - 9 curare-tipped darts
Armour
 l - a +1 hat (worn)
 p - a scarf of shadows
 q - a +2 plate armour of fire resistance (worn)
 y - a +0 cloak
 I - the +1 cloak "Jaothuwa" (worn) {rC++}
   (You bought it in a shop on level 2 of the Orcish Mines)

   rC:        It greatly protects you from cold.
 T - the +1 pair of boots of Philately (worn) {+Inv rCorr Str-3 Dex+7}
   (Okawaru gifted it to you on level 5 of the Lair of Beasts)

   Str:       It affects your strength (-3).
   Dex:       It affects your dexterity (+7).
   +Inv:      It lets you turn invisible.
   rCorr:     It protects you from acid and corrosion.
 Z - a +2 pair of gloves of infusion (worn)
Jewellery
 h - the ring of Ozothaam {rPois Dex+3}
   (You found it on level 14 of the Dungeon)

   [ring of poison resistance]

   Dex:       It affects your dexterity (+3).
   rPois:     It protects you from poison.
 v - a ring of poison resistance (right hand)
 x - a +6 ring of strength (left hand)
 N - an amulet of regeneration (around neck)
Wands
 H - a wand of flame (15)
 J - a wand of polymorph (6)
 K - a wand of iceblast (7)
 L - a wand of quicksilver (6)
 M - a wand of mindburst (2)
 W - a wand of paralysis (11)
Scrolls
 c - 2 scrolls of poison
 g - 2 scrolls of brand weapon
 m - 8 scrolls of vulnerability
 o - 3 scrolls of amnesia
 r - 11 scrolls of teleportation
 s - a scroll of enchant armour
 u - 3 scrolls of fear
 A - 3 scrolls of enchant weapon
 B - 3 scrolls of silence
 C - 2 scrolls of magic mapping
 P - a scroll of torment {unknown}
 Q - a scroll of identify
 R - 2 scrolls of fog {unknown}
 Y - 2 scrolls of blinking
Potions
 b - 4 potions of berserk rage
 d - 3 potions of might
 e - 8 potions of curing
 f - 2 potions of mutation
 i - a potion of lignification
 j - 2 potions of attraction
 n - 4 potions of heal wounds
 t - 3 potions of invisibility
 w - 2 potions of cancellation
 z - 5 potions of ambrosia
 E - 3 potions of flight
 G - 3 potions of magic
 S - 4 potions of brilliance
Miscellaneous
 U - a piece from Xom's chessboard (15/15)


   Skills:
 + Level 14.7(19.7) Fighting
 - Level 18.0(23.0) Axes
 + Level 14.8(19.8) Armour
 * Level 19.1(24.1) Shields
 - Level 10.0 Invocations


You had 15 spell levels left.
You didn't know any spells.
Your spell library contained the following spells:

 Spells                   Type           Power      Damage    Failure   Level
 Apportation              Tloc           0%         N/A       86%         1
 Foxfire                  Conj/Fire      0%         2x1d4     86%         1
 Kiss of Death            Conj/Necr      0%         2d5       86%         1
 Necrotise                Necr           0%         1d4       86%         1
 Shock                    Conj/Air       0%         1d3       86%         1
 Cigotuvi's Dreadful Rot  Necr/Pois/Air  0%         N/A       95%         2
 Ensorcelled Hibernation  Hex/Ice        0%         N/A       95%         2
 Sublimation of Blood     Necr           0%         N/A       95%         2
 Wereblood                Tmut           0%         N/A       95%         2
 Gell's Gravitas          Tloc           0%         N/A       99%         3
 Hailstorm                Conj/Ice       0%         3d3       99%         3
 Inner Flame              Hex/Fire       0%         N/A       99%         3
 Portal Projectile        Hex/Tloc       0%         N/A       99%         3
 Spider Form              Tmut/Pois      0%         N/A       99%         3
 Stone Arrow              Conj/Erth      0%         3d7       99%         3
 Teleport Other           Tloc           0%         N/A       99%         3
 Vampiric Draining        Necr           0%         2d6       99%         3
 Anguish                  Hex/Necr       0%         N/A       100%        4
 Cause Fear               Hex            0%         N/A       100%        4
 Dispel Undead            Necr           0%         3d6       100%        4
 Ice Form                 Ice/Tmut       0%         N/A       100%        4
 Leda's Liquefaction      Hex/Erth       0%         N/A       100%        4
 Alistair's Intoxication  Tmut/Pois      0%         N/A       100%        5
 Fireball                 Conj/Fire      0%         3d3       100%        5
 Conjure Ball Lightning   Conj/Air       0%         3x3d6     100%        6
 Dispersal                Tloc           0%         N/A       100%        6
 Starburst                Conj/Fire      0%         6d3       100%        6
 Discord                  Hex            0%         N/A       100%        8
 Summon Small Mammal      Summ           Unusable   N/A       N/A         1
 Call Canine Familiar     Summ           Unusable   N/A       N/A         3
 Death Channel            Necr           Unusable   N/A       N/A         6
 Simulacrum               Ice/Necr       Unusable   N/A       N/A         6
 Summon Hydra             Summ           Unusable   N/A       N/A         7

Dungeon Overview and Level Annotations

Branches:
Dungeon (15/15)            Temple (0/1) D:6            Lair (5/5) D:9
  Swamp (0/4) Lair:2       Spider (1/4) Lair:2        Slime (0/5) Lair:4
    Orc (2/2) D:10            Elf (0/3) Orc:2        Vaults (0/5) D:13
 Depths (0/4) D:15        Gauntlet (visited)

Altars:
Elyvilon
Okawaru
Ru
Uskayaw
Xom
Jiyva

Shops:
Orc:1 *   Orc:2 [:[*

Annotations:
D:7 1 transporter, p0werm0de's ghost, novice MeCK
Lair:1 3 runed translucent doors, Iniclolu's ghost, journeyman DsWn; Meiq's ghost, journeyman DsDe
Spider:1 Jorgrun


Innate Abilities, Weirdness & Mutations

You have a pair of horns on your head.
You reflexively headbutt those who attack you in melee.
You have sharp fingernails.
Your mind is acute. (Int +4, Str/Dex -1)
Your system is resistant to poisons. (rPois)


Message History

You feel yourself speed up.
You feel sick.
You feel you are being watched by something.
You feel sick.
You are no longer poisoned.
The jumping spider leaps!
You feel you are being watched by something.
You feel you are being watched by something.
The jumping spider leaps!
Jorgrun points at the rock wall and mumbles some strange words.
Some rock shatters into small pieces.
You feel you are being watched by something.
You feel your power leaking away.
Being near the torpor snail leaves you feeling lethargic.
The jumping spider barely misses you.
The jumping spider bites you but does no damage.
You feel you are being watched by something.
The jumping spider pounces on you but does no damage.
The jumping spider bites you but does no damage.
Jorgrun points at you and mumbles some strange words.
Roots burst forth from the earth!
The grasping roots grab you! The grasping roots constrict you!
* * * LOW HITPOINT WARNING * * *
You hear a faint skittering sound.
You slice the jumping spider!!
You kill the jumping spider!
Okawaru accepts your kill.
The roots grasp on you weakens, but your attempt to escape fails.
You feel you are being watched by something.
Jorgrun gestures next to the torpor snail while chanting.
You hear a grinding noise.
The grasping roots constrict you!
* * * LOW HITPOINT WARNING * * *
You feel you are being watched by something.
Something hits you but does no damage. x2
Something stings you but does no damage.
A jumping spider comes into view.
The grasping roots constrict you!
You die...

..#...## #.##..#.#...##...#...#
.#..##.#### #....s.##...#.....#..
††....###.####.....#.g#...###^#..
!..#...#..#.###.^...w#..#..# .# .
†.......#...###.>...#...#.#...#
.#####.......####.#....#..~...#
........#.#..}#......#..#≈~~....
..#...##.#.##....{#....##≈##~..#
....#.^.......#<@...#.# #≈≈ ..#.
.(....#..#..#...##.....# ≈≈≈ ##
#.......###...##..#...## ##
....#...##..#....######
..#...#....##..#.#
#........#.....##
.......#......#.#
....!#.#...#..### #.#.
#.##....#.#


You could see Jorgrun (very poisoned), a torpor snail and a jumping spider.

Vanquished Creatures
  Kirke (D:13)
  A minotaur (Gauntlet)
  A spark wasp (Spider:1)
  2 fire dragons
  Josephine (D:15)
  Snorg (Lair:3)
  An entropy weaver (shapeshifter) (D:13)
  Fannar (D:11)
  8 hydras
  5 ogre magi
  7 centaur warriors
  A jorogumo (Spider:1)
  4 boulder beetles
  2 catoblepae
  A deep troll shaman (Lair:5)
  20 two-headed ogres
  2 death scarabs (Gauntlet)
  A tengu warrior (D:14)
  16 death yaks
  Sonja (Lair:1)
  A spectral death yak (Gauntlet)
  5 skeletal warriors (D:13)
  A shadow wraith (D:13)
  A steelbarb worm (Lair:2)
  An orb spider (Spider:1)
  2 bog bodies (Lair:2)
  A spectral hydra (Gauntlet)
  A lindwurm (Lair:5)
  3 wizards
  3 deep elf pyromancers
  A necromancer (D:15)
  2 orc sorcerers
  7 cyclopes
  2 wolf spiders
  2 manticores
  10 ugly things
  6 elephants
  A black mamba (Lair:5)
  2 centaur zombies (D:15)
  2 naga magi (D:15)
  Maggie (D:9)
  4 rime drakes
  2 torpor snails
  5 kobold demonologists
  A demonic crawler (Spider:1)
  12 cane toads
  2 centaur skeletons (D:15)
  An unseen horror (D:12)
  A yaktaur (D:14)
  A freezing wraith (D:15)
  7 komodo dragons
  2 hornets
  6 trolls
  A queen bee (shapeshifter) (D:13)
  A harpy skeleton (D:15)
  A queen bee (Lair:2)
  A spectral dream sheep (Gauntlet)
  4 tarantellas
  A raiju (Gauntlet)
  14 blink frogs
  A polar bear (shapeshifter) (D:10)
  8 jumping spiders
  2 centaur simulacra
  2 culicivoras (Spider:1)
  A spectral black mamba (Gauntlet)
  8 wraiths
  2 hogs (D:13)
  A human (shapeshifter) (D:15)
  7 wyverns
  5 humans (D:13)
  5 basilisks
  46 yaks
  2 redbacks (Spider:1)
  A naga (shapeshifter) (D:13)
  4 steam dragons
  3 vampire mosquitoes (D:14)
  12 water moccasins
  An acid dragon (D:12)
  17 orc warriors
  A sky beast (D:8)
  2 ice beasts (D:6)
  2 black bears
  A sky beast (shapeshifter) (D:13)
  29 ogres
  7 wolves
  5 boggarts (D:15)
  8 centaurs
  A phantom (D:4)
  3 kobold brigands
  9 bullfrogs
  A necrophage (D:8)
  A scorpion (D:6)
  11 wights
  39 killer bees
  An electric eel (D:10)
  A howler monkey (D:6)
  20 orc priests
  A hound (D:5)
  2 jellies
  An iguana (D:4)
  8 hell rats
  22 orc wizards
  Natasha (twice) (D:2)
  2 human simulacra (D:10)
  A boggart simulacrum (D:14)
  Robin (D:2)
  7 adders
  7 gnolls
  3 shadow imps (Gauntlet)
  3 white imps
  An ufetubus (D:5)
  2 dart slugs (D:1)
  3 worms (D:2)
  69 orcs
  7 ball pythons
  3 bats
  12 endoplasms
  4 giant cockroaches
  13 goblins
  12 hobgoblins
  3 jackals (D:1)
  9 quokkas
  3 frilled lizards
  13 kobolds
  3 rats
  A butterfly (Lair:2)
687 creatures vanquished.

Vanquished Creatures (others)
  A centaur simulacrum (D:14)
  An orc wizard (D:7)
  An orc (D:11)
  16 fungi
  43 plants
  4 withered plants (Gauntlet)
66 creatures vanquished.

Grand Total: 753 creatures vanquished

Notes
Turn   | Place    | Note
-------+----------+-------------------------------------------
     0 | D:1      | Belterius the Minotaur Fighter began the quest for the Orb.
     0 | D:1      | Reached XP level 1. HP: 19/19 MP: 0/0
    36 | D:1      | Reached XP level 2. HP: 19/27 MP: 1/1
   299 | D:1      | Reached skill level 4 in Shields
   353 | D:1      | Reached XP level 3. HP: 33/33 MP: 2/2
  1174 | D:2      | Noticed Robin
  1197 | D:2      | Reached XP level 4. HP: 29/40 MP: 3/3
  1206 | D:2      | Killed Robin
  1485 | D:2      | Noticed Natasha
  1493 | D:2      | Killed Natasha
  1642 | D:2      | Noticed Natasha
  1649 | D:2      | Killed Natasha
  1650 | D:2      | Reached XP level 5. HP: 47/47 MP: 4/4
  1865 | D:2      | Found a faded altar of an unknown god.
  2466 | D:3      | Reached skill level 5 in Axes
  2466 | D:3      | Reached XP level 6. HP: 55/55 MP: 5/5
  2470 | D:3      | Reached skill level 5 in Fighting
  2842 | D:4      | Reached skill level 5 in Armour
  2842 | D:4      | Reached skill level 5 in Shields
  3651 | D:4      | Reached XP level 7. HP: 57/61 MP: 6/6
  4185 | D:4      | Found a sacrificial altar of Ru.
  4601 | D:5      | Entered Level 5 of the Dungeon
  5444 | D:6      | Reached skill level 6 in Shields
  5560 | D:6      | Found an iron altar of Okawaru.
  5564 | D:6      | Became a worshipper of Warmaster Okawaru
  5574 | D:6      | Found a hide-covered altar of Uskayaw.
  5624 | D:6      | Reached XP level 8. HP: 36/67 MP: 7/7
  6054 | D:6      | Found a staircase to the Ecumenical Temple.
  6709 | D:7      | Reached * piety under Okawaru
  7036 | D:7      | Reached skill level 7 in Shields
  7274 | D:7      | Noticed p0werm0de's ghost (novice MeCK)
  7275 | D:7      | Found a transporter.
  7277 | D:7      | Identified the +7 dire flail "Heucok" {venom, rPois rC+++
                  | SInv Stlth-}
  7277 | D:7      | Noticed a two-headed ogre
  7417 | D:8      | Reached XP level 9. HP: 68/79 MP: 8/8
  8023 | D:8      | Got Zesoint's Omnibus of Evil
  8253 | D:8      | Reached ** piety under Okawaru
  8258 | D:8      | Reached skill level 10 in Axes
  8463 | D:8      | Reached skill level 8 in Shields
  8769 | D:9      | Reached skill level 1 in Invocations
  8971 | D:9      | Identified the +7 falchion "Qesuv" {holy, Will++ Str-3}
  9390 | D:9      | Reached *** piety under Okawaru
  9567 | D:9      | Reached XP level 10. HP: 74/89 MP: 10/10
  9681 | D:9      | Noticed Maggie
  9693 | D:9      | Killed Maggie
 10095 | D:9      | Reached skill level 9 in Shields
 10224 | D:9      | Found a staircase to the Lair.
 10453 | D:8      | Reached **** piety under Okawaru
 11045 | D:10     | Entered Level 10 of the Dungeon
 11588 | D:10     | Received a gift from Okawaru
 12157 | D:10     | Reached skill level 10 in Shields
 12485 | D:10     | Noticed a two-headed ogre
 12488 | D:10     | Noticed a centaur warrior
 12490 | D:10     | Noticed a two-headed ogre
 12505 | D:10     | Killed a two-headed ogre
 12505 | D:10     | Reached ***** piety under Okawaru
 12506 | D:10     | Reached skill level 5 in Invocations
 12506 | D:10     | Reached XP level 11. HP: 66/97 MP: 9/13
 12763 | D:10     | Found a staircase to the Orcish Mines.
 13377 | D:11     | Noticed Fannar
 13393 | D:11     | Killed Fannar
 13393 | D:11     | Received a gift from Okawaru
 13394 | D:11     | Reached skill level 11 in Shields
 13724 | D:11     | Noticed a boulder beetle
 13741 | D:11     | Killed a boulder beetle
 13877 | D:11     | Reached skill level 10 in Armour
 13979 | D:11     | Noticed a brown ugly thing
 13991 | D:11     | Killed a brown ugly thing
 14058 | D:11     | Noticed a brown ugly thing
 14067 | D:11     | Killed a brown ugly thing
 14068 | D:11     | Reached skill level 10 in Fighting
 14566 | Lair:1   | Entered Level 1 of the Lair of Beasts
 14602 | Lair:1   | Reached skill level 12 in Shields
 14698 | Lair:1   | Found a runed translucent gate.
 14698 | Lair:1   | Found a runed translucent gate.
 14698 | Lair:1   | Found a runed translucent gate.
 14699 | Lair:1   | Noticed Meiq's ghost (journeyman DsDe)
 14699 | Lair:1   | Noticed Iniclolu's ghost (journeyman DsWn)
 14743 | Lair:1   | Received a gift from Okawaru
 14762 | Lair:1   | Reached ****** piety under Okawaru
 15051 | Lair:1   | Reached XP level 12. HP: 103/107 MP: 13/15
 15438 | Lair:1   | Noticed Sonja
 15473 | Lair:1   | Killed Sonja
 15890 | Lair:2   | Found a staircase to the Swamp.
 16567 | Lair:2   | Found a hole to the Spider Nest.
 16613 | Lair:2   | Received a gift from Okawaru
 17089 | Lair:2   | Reached skill level 13 in Shields
 18019 | Lair:2   | Identified the +6 executioner's axe "Dirusoug" {venom,
                  | rElec MP+9 Str+3} (Okawaru gifted it to you on level 2 of
                  | the Lair of Beasts)
 18019 | Lair:2   | Received a gift from Okawaru
 18736 | Lair:2   | Got the Omnibus of the Impact
 18979 | Lair:3   | Noticed a four-headed hydra
 18986 | Lair:3   | Killed a seven-headed hydra
 18987 | Lair:3   | Reached skill level 15 in Axes
 18991 | Lair:3   | Reached XP level 13. HP: 105/116 MP: 17/17
 19172 | Lair:3   | HP: 1/116 [death yak (10)]
 19189 | Lair:3   | Reached skill level 14 in Shields
 19211 | Lair:3   | Received a gift from Okawaru
 20327 | Lair:3   | Noticed Snorg
 20438 | Lair:3   | Killed Snorg
 20802 | Lair:3   | Identified the +0 robe "Sickiew" {+Blink rElec Archmagi}
 21134 | Lair:4   | Found a viscous altar of Jiyva.
 21134 | Lair:4   | Found a staircase to the Slime Pits.
 21382 | Lair:4   | Received a gift from Okawaru
 21510 | Lair:4   | Identified the +7 chain mail of Hospitality {SInv}
 22070 | Lair:5   | Entered Level 5 of the Lair of Beasts
 22958 | Lair:5   | Reached skill level 15 in Shields
 23638 | Lair:5   | Reached XP level 14. HP: 126/126 MP: 20/20
 23681 | Lair:5   | Identified the +1 pair of boots of Philately {+Inv rCorr
                  | Str-3 Dex+7} (Okawaru gifted it to you on level 5 of the
                  | Lair of Beasts)
 23681 | Lair:5   | Received a gift from Okawaru
 25398 | D:12     | Reached skill level 10 in Invocations
 25857 | D:12     | Identified the +4 lajatang of Domination {pain, +Blink rF+
                  | Str-2 Dex+3}
 26092 | D:13     | Found a gate leading to a gauntlet.
 26099 | Gauntlet | Entered a Gauntlet
 26099 | Gauntlet | Found a transporter.
 26099 | Gauntlet | Found a transporter.
 26119 | Gauntlet | Found a transporter.
 26127 | Gauntlet | Found a transporter.
 26128 | Gauntlet | Found a transporter.
 26130 | Gauntlet | Found a transporter.
 26130 | Gauntlet | Found a transporter.
 26131 | Gauntlet | Found a transporter.
 26145 | Gauntlet | Found a transporter.
 26158 | Gauntlet | Found a transporter.
 26168 | Gauntlet | Found a transporter.
 26185 | Gauntlet | Found a transporter.
 26204 | Gauntlet | Found a transporter.
 26205 | Gauntlet | Found a runed translucent door.
 26206 | Gauntlet | Found a runed translucent door.
 26212 | Gauntlet | Found a runed translucent door.
 26216 | Gauntlet | Found a transporter.
 26672 | D:13     | Reached skill level 16 in Shields
 26900 | D:13     | Noticed Kirke
 26917 | D:13     | Killed Kirke
 26954 | D:13     | Found a gate to the Vaults.
 27144 | D:14     | Received a gift from Okawaru
 27683 | D:14     | Reached XP level 15. HP: 115/135 MP: 21/21
 28375 | D:14     | Identified the ring of Ozothaam {rPois Dex+3}
 28462 | D:14     | Gained mutation: Your body sometimes deteriorates upon
                  | taking damage. [potion of mutation]
 28462 | D:14     | Gained mutation: You are clumsy. (Dex -2) [potion of
                  | mutation]
 28462 | D:14     | Gained mutation: Your spells are a little harder to cast,
                  | but a little more powerful. [potion of mutation]
 28463 | D:14     | Lost mutation: You are clumsy. (Dex -2) [potion of
                  | mutation]
 28463 | D:14     | Lost mutation: Your spells are a little harder to cast, but
                  | a little more powerful. [potion of mutation]
 28463 | D:14     | Lost mutation: Your body sometimes deteriorates upon taking
                  | damage. [potion of mutation]
 28463 | D:14     | Gained mutation: You have large cloven feet. [potion of
                  | mutation]
 28464 | D:14     | Lost mutation: You have large cloven feet. [potion of
                  | mutation]
 28464 | D:14     | Gained mutation: You are somewhat resistant to further
                  | mutation. [potion of mutation]
 28465 | D:14     | Lost mutation: You are somewhat resistant to further
                  | mutation. [potion of mutation]
 28465 | D:14     | Gained mutation: You are partially covered in iridescent
                  | scales. (AC +2) [potion of mutation]
 28465 | D:14     | Gained mutation: Your spells are a little easier to cast,
                  | but a little less powerful. [potion of mutation]
 28466 | D:14     | Lost mutation: You are partially covered in iridescent
                  | scales. (AC +2) [potion of mutation]
 28466 | D:14     | Lost mutation: Your spells are a little easier to cast, but
                  | a little less powerful. [potion of mutation]
 28466 | D:14     | Gained mutation: Your mind is acute. (Int +4, Str/Dex -1)
                  | [potion of mutation]
 28466 | D:14     | Gained mutation: You have sharp fingernails. [potion of
                  | mutation]
 28466 | D:14     | Gained mutation: Your system is resistant to poisons.
                  | (rPois) [potion of mutation]
 28468 | D:15     | Entered Level 15 of the Dungeon
 28468 | D:15     | Noticed Josephine
 28474 | D:15     | Reached skill level 17 in Shields
 28481 | D:15     | Killed Josephine
 28739 | D:15     | Received a gift from Okawaru
 28747 | D:15     | Found a white marble altar of Elyvilon.
 29139 | D:15     | Found a staircase to the Depths.
 29609 | Orc:1    | Entered Level 1 of the Orcish Mines
 29700 | Orc:1    | Reached skill level 18 in Shields
 29746 | Orc:1    | Found Goewn's Assorted Antiques.
 29878 | Orc:1    | Found a shimmering altar of Xom.
 29928 | Orc:2    | Entered Level 2 of the Orcish Mines
 29928 | Orc:2    | Found a staircase to the Elven Halls.
 30109 | Orc:2    | Found Tyfol's Antique Armour Boutique.
 30109 | Orc:2    | Found Nexeotza's Antique Armour Emporium.
 30112 | Orc:2    | Found Agywkacue's Book Emporium.
 30112 | Orc:2    | Found Qiffunoz's Assorted Antiques.
 30116 | Orc:2    | Received a gift from Okawaru
 30287 | Orc:2    | Bought a slimy cloak for 256 gold pieces
 30287 | Orc:2    | Identified the +1 cloak "Jaothuwa" {rC++} (You bought it in
                  | a shop on level 2 of the Orcish Mines)
 30794 | Spider:1 | Entered Level 1 of the Spider Nest
 30945 | Spider:1 | Reached skill level 19 in Shields
 30997 | Spider:1 | Reached XP level 16. HP: 54/145 MP: 22/22
 31106 | Lair:2   | Upgraded the game from 0.30-a0-170-g85af917532 to
                  | 0.30-a0-172-gc5509c9e31
 31416 | Spider:1 | Noticed Jorgrun
 31448 | Spider:1 | HP: 5/147 [constriction (8)]
 31448 | Spider:1 | Constricted to death by Jorgrun

Illustrated notes

Levels and vault maps discovered:
D:1:      elethiomel_arrival_quiet, layout_loops_ring
D:2:      layout_basic, ebering_ecumenical_altar_hall, uniq_natasha, uniq_robin
D:3:      layout_rooms, serial_curves, eino_curves_01, eino_curves_01,
          roderic_st_hans_cross
D:4:      layout_basic, lemuel_doored_altar, minmay_manual_monolith
D:5:      layout_cave_pods
D:6:      layout_rooms, mainiacjoe_overflow_big_doors,
          minmay_temple_entry_statues, hangedman_abyss_or_decor_stabs
D:7:      layout_basic, gammafunk_ghost_smash
D:8:      layout_loops_corners
D:9:      minmay_recursive_quarters, layout_irregular_city, lair_entry_dummy,
          uniq_maggie
D:10:     layout_gridville, erik_orc_2, bh_circular_ruins
D:11:     layout_loops_cross, uniq_fannar
D:12:     layout_long_grid
D:13:     layout_cave_pools, david_vaults_2, gauntlet_entry_generic, uniq_kirke
D:14:     minmay_triangles_in_corner, layout_gridville, serial_bayou_shore_b
D:15:     grunt_enter_depths_magical_seal, layout_basic, corexii_hall_statues_x,
          elyvilon_altar_5, uniq_josephine
Lair:1:   layout_roguey, gammafunk_ghost_cemetery, lemuel_fruit_fields,
          uniq_sonja
Lair:2:   regret_index_wax_grids, layout_cave_pods, skrybe_swamp_entry_bodies,
          spider_nest_entry_rubble, chequers_serial_rivers_micro_e,
          lemuel_fruit_tree, lemuel_fruit_fields
Lair:3:   layout_hall_layers, wad_woods_road_05, infiniplex_staircase_pool_2,
          uniq_snorg
Lair:4:   layout_regular_city, dpeg_slime_entry_enclosed
Lair:5:   grunt_lair_end_beastmaster, layout_misc_corridors, grunt_megastairs_4
Spider:1: layout_spider_delve, uniq_roxanne, uniq_jorgrun
Orc:1:    layout_caves, serial_shops, nicolae_shop_statue_plus, special_room
          [special_room_bee], basic_altar
Orc:2:    st_orc_ogre_mass, layout_caves

Skill      XL: |  1  2  3  4  5  6  7  8  9 10 11 12 13 14 15 |
---------------+----------------------------------------------+-----
Shields        | 4 5 6 7 8 10 12 13 15 16 19 | 19.1
Fighting       | 4 5 6 7 8 9 10 11 12 13 14 | 14.7
Armour         | 4 5 6 7 8 9 10 11 12 13 14 | 14.8
Axes           | 3 4 5 6 7 9 10 12 13 15 16 17 18 | 18.0
Invocations    | 2 5 7 9 10 | 10.0

Action                   |  1- 3 |  4- 6 |  7- 9 | 10-12 | 13-15 | 16-18 || total
-------------------------+-------+-------+-------+-------+-------+-------++-------
Melee: War axe           |    86 |   143 |   255 |   576 |       |       ||  1060
       Headbutt          |    12 |    15 |    49 |   122 |   155 |     7 ||   360
       Executioner's axe |       |       |       |    12 |   669 |    23 ||   704
Invok: Heroism           |       |       |     1 |    12 |    26 |     1 ||    40
       Finesse           |       |       |       |       |     7 |     1 ||     8
  Use: Potion            |       |     2 |     1 |     3 |     9 |     1 ||    16
       Scroll            |       |       |       |    19 |    10 |     1 ||    30
 Stab: Distracted        |       |       |       |     1 |       |       ||     1
       Petrified         |       |       |       |       |     3 |       ||     3
Armor: Scale mail        |    46 |    37 |       |       |       |       ||    83
       Plate armour      |       |    70 |   132 |   326 |   455 |    34 ||  1017
       Chain mail        |       |       |       |       |   130 |       ||   130
       Troll leather arm |       |       |       |       |    18 |       ||    18
Dodge: Dodged            |    29 |    63 |    68 |   236 |   358 |    17 ||   771
Block: Buckler           |    20 |    29 |    63 |   186 |       |       ||   298

Table legend: (Time is in decaauts)
 A = Elapsed time spent in this place.
 B = Non-inter-level travel time spent in this place.
 C = Inter-level travel time spent in this place.
 D = Time resting spent in this place.
 E = Time spent auto-exploring this place.
 F = Levels seen in this place.
 G = Mean time per level.
                   A        B        C        D        E       F      G
               +--------+--------+--------+--------+--------+-----+--------+
         Total |  31469 |  29543 |   1926 |   9538 |  15022 |  24 | 1311.2 |
       Dungeon |  19579 |  18110 |   1469 |   5218 |   9782 |  15 | 1305.3 |
          Lair |  10219 |   9816 |    403 |   4216 |   4345 |   5 | 2043.8 |
   Spider Nest |    222 |    220 |      2 |      8 |     10 |   1 |  222.0 |
  Orcish Mines |    984 |    932 |     52 |     28 |    695 |   2 |  492.0 |
      Gauntlet |    463 |    463 |      0 |     67 |    190 |   1 |  463.0 |
               +--------+--------+--------+--------+--------+-----+--------+

Top non-repeatable levels by time:
  Lair:2: 2771 daAuts
    D:10: 2264 daAuts
     D:9: 2203 daAuts
  Lair:1: 2011 daAuts
  Lair:3: 1950 daAuts
  Lair:4: 1918 daAuts
     D:8: 1597 daAuts
  Lair:5: 1567 daAuts
    D:14: 1429 daAuts
    D:12: 1316 daAuts
     D:3: 1283 daAuts
    D:11: 1281 daAuts
     D:4: 1274 daAuts
     D:2: 1239 daAuts
     D:1: 1068 daAuts
